 Dungeon Crawl Stone Soup version 0.23-a0-837-ga3e6480 (webtiles) character file.

9553 poirepourri the Severer (level 11, -4/93 HPs)
             Began as a Deep Dwarf Fighter on Jan 24, 2019.
             Was an Elder of Makhleb.
             Slain by a wolf spider zombie (6 damage)
             ... on level 10 of the Dungeon.
             The game lasted 00:07:44 (6114 turns).

poirepourri the Severer (Deep Dwarf Fighter)        Turns: 6114, Time: 00:07:45

Health: -4/93      AC:  9    Str: 19    XL:     11   Next: 24%
Magic:  0/16 (7)   EV:  7    Int: 10    God:    Makhleb [****..]
Gold:   518        SH: 12    Dex: 15    Spells: 10/10 levels left

rFire    . . .     SeeInvis +   y - +2 war axe (drain)
rCold    . . .     Gourm    .   c - +3 shield
rNeg     . . .     Faith    +   t - +0 scale mail (curse)
rPois    .         Spirit   +   i - +1 helmet
rElec    .         Reflect  .   q - scarf {Spirit}
rCorr    .         Harm     .   (no gloves)
MR       +....                  (no boots)
Stlth    ..........             j - amulet of faith
HPRegen  0.00/turn              d - ring of magical power
MPRegen  0.15/turn              h - ring of see invisible

@: non-regenerating
A: damage resistance, heal wounds, sense surroundings 2, no regeneration
a: Heal Wounds, Minor Destruction, Lesser Servant of Makhleb, Major Destruction,
Renounce Religion


You were on level 10 of the Dungeon.
You worshipped Makhleb.
Makhleb was greatly pleased with you.
You were not hungry.

You visited 2 branches of the dungeon, and saw 11 of its levels.
You also visited: Ossuary.

You collected 706 gold pieces.
You spent 188 gold pieces at shops.

Inventory:

Hand Weapons
 o - a +3 war axe of holy wrath
 y - a +2 war axe of draining (weapon)
Missiles
 l - 5 throwing nets (quivered)
Armour
 b - a +0 scale mail
 c - a +3 shield (worn)
 i - a +1 helmet (worn)
 k - a +0 cloak
 q - a scarf of spirit shield (worn)
 t - a cursed +0 scale mail (worn)
Jewellery
 a - an uncursed ring of flight
 d - a ring of magical power (left hand)
 h - a ring of see invisible (right hand)
 j - an amulet of faith (around neck)
 x - an uncursed ring of wizardry
 A - a cursed -6 ring of protection {unknown}
Wands
 e - a wand of flame (28)
 s - a wand of acid (6)
 w - a wand of random effects (12)
Scrolls
 m - a scroll of blinking
 u - 2 scrolls of teleportation
 z - 2 scrolls of remove curse
Potions
 g - 4 potions of flight
 n - 4 potions of magic
 p - a potion of ambrosia {unknown}
 r - a potion of haste {unknown}
 v - 3 potions of heal wounds {unknown}
Comestibles
 f - 12 rations


   Skills:
 + Level 4.9 Fighting
 - Level 17.3 Axes
 - Level 3.2 Armour
 - Level 3.2 Shields


You had 10 spell levels left.
You didn't know any spells.
Your spell library contained the following spells:

 Spells                   Type           Power        Failure   Level  Hunger
 Animate Skeleton         Necr           N/A          99%         1    ##.....
 Apportation              Tloc           #.....       99%         1    ##.....
 Beastly Appendage        Tmut           #.....       99%         1    ##.....
 Confusing Touch          Hex            #.....       99%         1    ##.....
 Corona                   Hex            #......      99%         1    ##.....
 Infusion                 Chrm           #...         99%         1    ##.....
 Summon Small Mammal      Summ           #...         99%         1    ##.....
 Shroud of Golubria       Chrm/Tloc      #.........   100%        2    ###....
 Slow                     Hex            #.......     100%        2    ###....
 Song of Slaying          Chrm           #.......     100%        2    ###....
 Sticks to Snakes         Tmut           #.......     100%        2    ###....
 Inner Flame              Hex/Fire       #.......     100%        3    ####...
 Portal Projectile        Hex/Tloc       #.....       100%        3    ####...
 Spectral Weapon          Hex/Chrm       #.......     100%        3    ####...
 Spider Form              Tmut/Pois      #.........   100%        3    ####...
 Cause Fear               Hex            #.........   100%        4    #####..
 Ice Form                 Ice/Tmut       #.......     100%        4    #####..
 Leda's Liquefaction      Hex/Erth       #.........   100%        4    #####..
 Blade Hands              Tmut           #.........   100%        5    ######.
 Regeneration             Chrm/Necr      Unusable     N/A         3    N/A

Dungeon Overview and Level Annotations

Branches:
Dungeon (10/15)            Temple (1/1) D:5
   Lair: D:8-11         Orc: D:9-12

Altars:
Ashenzari
Cheibriados
Dithmenos
Elyvilon
Fedhas
Gozag
Hepliaklqana
Kikubaaqudgha
Makhleb
Nemelex Xobeh
Okawaru
Qazlal
Ru
Sif Muna
Trog
Uskayaw
Vehumet
Wu Jian
Xom
Yredelemnul
Zin
The Shining One

Shops:
D:8 (


Innate Abilities, Weirdness & Mutations

You are resistant to damage.
You can heal yourself by infusing magical energy.
You passively map the area around you.
You do not regenerate.


Message History

You closely miss the hellwing.
The hellwing is heavily wounded.
You hit the hellwing but do no damage.
The hellwing is heavily wounded.
You block the hellwing's attack. x2
You hit the hellwing but do no damage.
The hellwing is moderately wounded.
You block the hellwing's attack. The hellwing barely misses you.
You hit the hellwing but do no damage.
The hellwing is moderately wounded.
The hellwing hits you!
* * * LOW HITPOINT WARNING * * *
The hellwing hits you.
* * * LOW HITPOINT WARNING * * *
You hit the hellwing but do no damage.
The hellwing is moderately wounded.
You slash the wolf spider zombie!
You block the wolf spider zombie's attack.
The wolf spider zombie bites you!
You die...

* , ,,.% , *
, , *, P8. ,
,* , , ,
,PP.., *, ,
, , , PP..5,
* * * ,, 8
.....5#####
*, * ,
....54Z..5##
, * *
..#.####5..#
, , ,
#4###.# , ,
* #@# .. ,
#Z#* * # *,
,, * * * ,
#....# ,
.....#*,* ,
* , *
....$.#* ***
, **
#.#.##... ,
* ....# ....
* , , *
..#... ,##.#
* ##. ..# *
.#


You could see a hellwing, 2 shadow imps and a wolf spider zombie.

Vanquished Creatures
  Harold (D:7)
  Pikel (D:4)
  Joseph (D:7)
  3 centaur zombies (D:10)
  A hellwing (D:10)
  A troll (D:10)
  Grinder (D:4)
  Prince Ribbit (D:8)
  2 hippogriffs (D:7)
  Sigmund (D:6)
  3 yaks (D:9)
  Eustachio (D:6)
  Menkaure (D:5)
  Edmund (D:6)
  Duvessa (D:5)
  2 sky beasts
  A black bear (D:7)
  3 ice beasts
  2 phantoms
  3 ogres
  3 centaurs
  A big kobold (D:9)
  Blork the orc (D:5)
  4 bullfrogs
  A wyvern skeleton (D:8)
  Dowan (D:5)
  4 scorpions
  9 wights
  A howler monkey (D:8)
  An electric eel (D:7)
  5 crimson imps
  A quasit (D:6)
  2 jellies
  2 hounds (D:8)
  7 orc priests
  Crazy Yiuf (D:7)
  A bullfrog skeleton (D:7)
  A gnoll shaman (D:8)
  7 orc wizards
  4 centaur skeletons
  3 iguanas
  4 worker ants
  A killer bee zombie (D:6)
  2 hound skeletons
  9 mummies
  2 worker ant zombies
  11 adders
  9 gnolls
  A howler monkey skeleton (D:4)
  3 shadow imps
  2 oozes
  3 adder skeletons
  An adder zombie (D:6)
  4 worms
  2 dart slugs
  7 leopard geckos
  27 orcs
  9 bats
  6 giant cockroaches
  4 gnoll zombies (Ossuary)
  9 goblins
  6 hobgoblins
  12 jackals
  12 kobolds
  4 quokkas
  3 ball pythons
  6 frilled lizards
  2 hobgoblin zombies (D:6)
  A kobold zombie (Ossuary)
  3 orc zombies (Ossuary)
  9 rats
265 creatures vanquished.

Vanquished Creatures (others)
  An orc (D:4)
  A withered plant (D:10)
2 creatures vanquished.

Grand Total: 267 creatures vanquished

Notes
Turn   | Place    | Note
-------+----------+-------------------------------------------
     0 | D:1      | poirepourri the Deep Dwarf Fighter began the quest for the
                  | Orb.
     0 | D:1      | Reached XP level 1. HP: 20/20 MP: 1/1
    63 | D:1      | Reached skill level 3 in Axes
    63 | D:1      | Reached XP level 2. HP: 24/27 MP: 2/2
   339 | D:1      | Reached XP level 3. HP: 23/33 MP: 3/3
   422 | D:1      | Reached skill level 4 in Axes
   729 | D:2      | Reached XP level 4. HP: 34/40 MP: 3/3
   730 | D:2      | Reached skill level 5 in Axes
  1003 | D:2      | Reached XP level 5. HP: 37/46 MP: 4/4
  1179 | D:3      | Reached skill level 6 in Axes
  1814 | D:4      | Noticed an ogre
  1830 | D:4      | Killed an ogre
  1830 | D:4      | Reached skill level 7 in Axes
  1830 | D:4      | Reached XP level 6. HP: 55/55 MP: 5/5
  1932 | D:4      | Reached skill level 8 in Axes
  1958 | D:4      | Found an ancient bone altar of Kikubaaqudgha.
  1958 | D:4      | Noticed Grinder
  1964 | D:4      | Reached XP level 7. HP: 44/61 MP: 6/6
  1979 | D:4      | Killed Grinder
  1979 | D:4      | Reached skill level 9 in Axes
  2026 | D:4      | Noticed Pikel
  2062 | D:4      | Killed Pikel
  2062 | D:4      | Reached skill level 11 in Axes
  2062 | D:4      | Reached XP level 8. HP: 39/68 MP: 7/7
  2287 | D:5      | Entered Level 5 of the Dungeon
  2328 | D:5      | Found a staircase to the Ecumenical Temple.
  2346 | Temple   | Entered the Ecumenical Temple
  2363 | Temple   | Became a worshipper of Makhleb the Destroyer
  2480 | D:5      | Noticed Menkaure
  2495 | D:5      | Killed Menkaure
  2593 | D:5      | Noticed Duvessa
  2593 | D:5      | Noticed Dowan
  2611 | D:5      | Killed Dowan
  2616 | D:5      | Killed Duvessa
  2616 | D:5      | Reached skill level 12 in Axes
  2687 | D:5      | Noticed Blork the orc
  2712 | D:5      | Killed Blork the orc
  2859 | D:5      | Found a hide-covered altar of Uskayaw.
  2920 | D:5      | Reached * piety under Makhleb
  3041 | D:6      | Noticed Edmund
  3050 | D:6      | Killed Edmund
  3050 | D:6      | Gained mutation: You passively map the area around you.
                  | [Deep Dwarf growth]
  3050 | D:6      | Reached XP level 9. HP: 56/74 MP: 0/6
  3055 | D:6      | Found a sand-covered staircase.
  3063 | Ossuary  | Entered an ossuary
  3284 | D:6      | Noticed Eustachio
  3295 | D:6      | Killed Eustachio
  3295 | D:6      | Reached skill level 13 in Axes
  3456 | D:6      | Found a sacrificial altar of Ru.
  3530 | D:6      | Reached ** piety under Makhleb
  3543 | D:6      | Found an opulent altar of Gozag.
  3546 | D:6      | Found a shattered altar of Ashenzari.
  3582 | D:6      | Found a radiant altar of Vehumet.
  3605 | D:6      | Found a stormy altar of Qazlal.
  3627 | D:6      | Found a blossoming altar of Fedhas.
  3653 | D:6      | Noticed Sigmund
  3671 | D:6      | Killed Sigmund
  3826 | D:6      | Reached skill level 14 in Axes
  3996 | D:6      | Found a hazy altar of Hepliaklqana.
  4248 | D:7      | Reached skill level 15 in Axes
  4248 | D:7      | Reached XP level 10. HP: 57/81 MP: 0/6
  4301 | D:7      | Noticed Joseph
  4325 | D:7      | Killed Joseph
  4362 | D:7      | Found a runed door.
  4421 | D:7      | Reached *** piety under Makhleb
  4615 | D:7      | Noticed Harold
  4633 | D:7      | Killed Harold
  4743 | D:7      | Reached skill level 16 in Axes
  5006 | D:7      | Noticed Crazy Yiuf
  5010 | D:7      | Killed Crazy Yiuf
  5136 | D:8      | Found a glowing golden altar of the Shining One.
  5139 | D:8      | Found Parphy's Antique Weapon Shoppe.
  5186 | D:8      | Bought a glowing war axe for 188 gold pieces
  5244 | D:8      | Reached **** piety under Makhleb
  5498 | D:8      | Found an iron altar of Okawaru.
  5507 | D:8      | Noticed Prince Ribbit
  5518 | D:8      | Killed Prince Ribbit
  5729 | D:9      | Reached skill level 17 in Axes
  5761 | D:9      | Found a shadowy altar of Dithmenos.
  6012 | D:10     | Entered Level 10 of the Dungeon
  6023 | D:10     | Reached XP level 11. HP: 68/88 MP: 0/7
  6113 | D:10     | HP: 3/93 [hellwing (5)]
  6114 | D:10     | Slain by a wolf spider zombie

Vault maps used:
D:1:      saegor_arrival_simple_b
D:4:      kennysheep_little_box, uniq_grinder, uniq_pikel
D:5:      kennysheep_mini_moat, minmay_temple_entry_trees, first_ration,
          minmay_misc_feat_ornament, uniq_duvessa, uniq_blork_the_orc,
          uniq_menkaure
D:6:      minmay_chambers_of_threes, nicolae_overflow_hidden_temple,
          grunt_gozag_breadcrumbs, lemuel_doored_altar, kennysheep_mini,
          lemuel_coloured_pillars_altar, overflow_temple_1_default,
          nicolae_ru_sacrificial_ziggurat, nicolae_ossuary_entry_giza,
          uniq_edmund, uniq_sigmund, uniq_eustachio
D:7:      statuecave_lemuel, grunt_ogre_cave, nrook_uturn, uniq_harold,
          uniq_joseph, uniq_crazy_yiuf_cottage
D:8:      lemuel_crystal_altar, overflow_temple_1_default, serial_shops,
          nicolae_shop_overgrown_old_shop, uniq_prince_ribbit1
D:9:      nicolae_dithmenos_shadow_blocks
D:10:     cheibrodos_grave_circle, david_lair_generic, hex_medium,
          minmay_starry_boxes
Temple:   eino_wide_crystal_templ
Ossuary:  ossuary_tomb_3

Skill      XL: |  1  2  3  4  5  6  7  8  9 10 11 |
---------------+----------------------------------+-----
Axes           | 3 4 5 7 8 11 12 15 17 | 17.3
Fighting       | 4 |  4.9
Armour         | |  3.2
Shields        | |  3.2

Action                   |  1- 3 |  4- 6 |  7- 9 | 10-12 || total
-------------------------+-------+-------+-------+-------++-------
Melee: War axe           |   122 |   198 |   333 |   302 ||   955
 Abil: Heal Wounds       |     1 |     5 |    10 |     2 ||    18
Evoke: Wand              |       |       |     1 |     1 ||     2
  Use: Scroll            |     1 |     9 |    12 |     2 ||    24
       Potion            |     1 |     1 |     2 |     9 ||    13
  Eat: Ration            |       |     2 |     3 |     1 ||     6
Armor: Scale mail        |    50 |    70 |    86 |    73 ||   279
       Skin              |       |     5 |       |       ||     5
Dodge: Dodged            |    46 |    56 |    65 |    53 ||   220
Block: Shield            |    76 |   129 |   168 |   162 ||   535

Table legend:
 A = Non-vault XP
 B = Vault XP
 C = Vault XP percentage of total XP
 D = Non-vault monster count
 E = Vault monster count
 F = Vault count percentage of total count
                 A         B        C        D         E       F
            +---------+---------+-------+---------+---------+-------
      Total |    6115 |    7533 |  55.2 |     215 |      50 |  18.9
            +---------+---------+-------+---------+---------+-------
        D:1 |      55 |       0 |   0.0 |      29 |       0 |   0.0
        D:2 |     150 |       0 |   0.0 |      25 |       0 |   0.0
        D:3 |     152 |       0 |   0.0 |      29 |       0 |   0.0
        D:4 |     567 |     935 |  62.3 |      29 |       2 |   6.5
        D:5 |     284 |     480 |  62.8 |      15 |       4 |  21.1
        D:6 |     817 |    1052 |  56.3 |      15 |      15 |  50.0
        D:7 |    1490 |    1697 |  53.2 |      21 |       4 |  16.0
        D:8 |    1128 |     264 |  19.0 |      29 |       1 |   3.3
        D:9 |    1139 |       0 |   0.0 |      21 |       0 |   0.0
       D:10 |     333 |    2953 |  89.9 |       2 |       8 |  80.0
    Ossuary |       0 |     152 | 100.0 |       0 |      16 | 100.0
            +---------+---------+-------+---------+---------+-------
